 Dungeon Crawl Stone Soup version 0.29-a0-649-g45c230d69a (webtiles) character file.

Game seed: 10099202692530830634

30 Essalna the Gusty (level 3, -2/19 HPs)
             Began as a Tengu Air Elementalist on June 21, 2022.
             Slain by an orc
             ... wielding a +0 mace
              (6 damage)
             ... on level 1 of the Dungeon.
             The game lasted 00:02:01 (1547 turns).

Essalna the Gusty (Tengu Air Elementalist)          Turns: 1547, Time: 00:02:02

Health: -2/19      AC:  2    Str:  8    XL:     3   Next: 18%
Magic:  1/7        EV: 12    Int: 17    God:
Gold:   107        SH:  0    Dex: 14    Spells: 3/6 levels left

rFire   . . .      SeeInvis .   d - +1 dagger (protect)
rCold   . . .      Faith    .   (no shield)
rNeg    . . .      Spirit   .   a - +0 robe
rPois   .          Reflect  .   (helmet restricted)
rElec   .          Harm     .   (no cloak)
rCorr   .          Rampage  .   (no gloves)
Will    +....                   (boots unavailable)
Stlth   ++........              (no amulet)
HPRegen 0.06/turn               f - ring of willpower
MPRegen 0.10/turn               (no ring)

@: no status effects
A: beak, talons 3
a: no special abilities


You were on level 1 of the Dungeon.
You visited 1 branch of the dungeon, and saw 1 of its levels.

You collected 107 gold pieces.

Inventory:

Hand Weapons
 d - a +1 dagger of protection (weapon)
Armour
 a - a +0 robe (worn)
Jewellery
 f - a ring of willpower (left hand)
Scrolls
 g - a scroll of teleportation {unknown}
Potions
 b - a potion of magic
 c - a potion of brilliance {unknown}
 e - a potion of attraction {unknown}


   Skills:
 - Level 2.1 Dodging
 - Level 2.0 Stealth
 - Level 2.0 Spellcasting
 + Level 3.0 Conjurations
 + Level 4.9 Air Magic


You had 3 spell levels left.
You knew the following spells:

 Your Spells              Type           Power      Damage    Failure   Level
a - Shock                 Conj/Air       60%        1d6       3%          1
b - Static Discharge      Conj/Air       15%        N/A       6%          2

Your spell library contained the following spells:

 Spells                   Type           Power      Damage    Failure   Level
 Swiftness                Air            18%        N/A       8%          3
 Airstrike                Air            9%         N/A       26%         4


Dungeon Overview and Level Annotations

Branches:
Dungeon (1/15)

Altars:


Innate Abilities, Weirdness & Mutations

You have a beak for a mouth.
You have claws for feet.


Message History

The orc shouts!
You hear a shout!
The orc shouts!
The orc shouts! x2
Memorise Static Discharge, consuming 2 spell levels and leaving 3?
You start memorising the spell.
You continue memorising. x2
You finish memorising.
Spell assigned to 'b'.
You open the large door.
Casting: Shock (safe; 4% risk of failure)
Confirm with . or Enter, or press ? or * to list all spells.
The orc is struck by an arc of lightning.
The orc is moderately wounded.
The orc is struck by an arc of lightning.
The orc is heavily wounded.
The lightning grounds out.
The orc is struck by an arc of lightning.
The orc is severely wounded.
The lightning grounds out.
Casting: Static Discharge (safe; 6% risk of failure)
Confirm with . or Enter, or press ? or * to list all spells.
The orc is struck by an arc of lightning!
You kill the orc!
The orc is struck by an arc of lightning.
The orc is heavily wounded.
The lightning grounds out.
The orc hits you but does no damage. The orc hits you with a +0 mace.
Your Conjurations skill increases to level 3!
Casting: Static Discharge (safe; 6% risk of failure)
Confirm with . or Enter, or press ? or * to list all spells.
The orc is struck by an arc of lightning.
You kill the orc!
The lightning grounds out.
The orc hits you with a +0 mace. The orc hits you with a +0 whip.
* * * LOW HITPOINT WARNING * * *
The endoplasm misses you.
Casting: Static Discharge (safe; 6% risk of failure)
Confirm with . or Enter, or press ? or * to list all spells.
You don't have enough magic to cast this spell.
The orc attacks as you move away! The orc closely misses you.
The orc barely misses you. The orc attacks as you move away!
The orc hits you with a +0 mace.
You die...

.# #.# #...# ####..........## ##
### ##### #.###.###.##
############################.#
.#......#.......)..........#.#
....#....#...#..########...#.#
##...##....##..## ..#...#.#
......#...#...##### ...#...#.#
#...#.........8.#J#Ko..#...#.###
..#..#..##......@ooor..#...#...#
..##.............ogo...#...###.#
......##......8.#.#o...#.....#.#
.#......#..)..#####oo..#...#...#
..#..##...#....## ...#...######
#..#...#..##....########...# #
#..##......................# #
....#..##.#.#........###...# #
...#.#..#....#.............# #


You could see 8 orcs, an endoplasm, a quokka, a hobgoblin and a kobold.

Vanquished Creatures
  2 orcs (D:1)
  3 bats (D:1)
  2 endoplasms (D:1)
  A giant cockroach (D:1)
  2 goblins (D:1)
  3 hobgoblins (D:1)
  5 kobolds (D:1)
  A quokka (D:1)
  2 ball pythons (D:1)
  A frilled lizard (D:1)
  3 rats (D:1)
25 creatures vanquished.

Notes
Turn   | Place    | Note
-------+----------+-------------------------------------------
     0 | D:1      | Essalna the Tengu Air Elementalist began the quest for the
                  | Orb.
     0 | D:1      | Reached XP level 1. HP: 10/10 MP: 4/4
   265 | D:1      | Reached XP level 2. HP: 15/15 MP: 0/6
   460 | D:1      | Found a large runed translucent door.
   460 | D:1      | Found a large runed translucent door.
  1056 | D:1      | Reached XP level 3. HP: 19/19 MP: 3/7
  1541 | D:1      | Learned a level 2 spell: Static Discharge
  1547 | D:1      | Slain by an orc

Illustrated notes

Levels and vault maps discovered:
D:1:      erik_arrival_cave_to_civilisation [erik_arrival_cave_to_temple],
          layout_loops_ring, palyth_stone_intersect, serial_bayou_crossing

Skill      XL: |  1  2  3 |
---------------+----------+-----
Conjurations   | 2 3 |  3.0
Dodging        | |  2.1
Stealth        | |  2.0
Spellcasting   | |  2.0
Air Magic      | |  4.9

Action                   || total
-------------------------++-------
Melee: Unarmed           ||     7
       Peck              ||     2
       Dagger            ||     2
       Kick              ||     1
       Punch             ||     1
 Cast: Shock             ||    37
       Static Discharge  ||     3
 Stab: Distracted        ||     1
Armor: Robe              ||     5
Dodge: Dodged            ||     8

Table legend: (Time is in decaauts)
 A = Elapsed time spent in this place.
 B = Non-inter-level travel time spent in this place.
 C = Inter-level travel time spent in this place.
 D = Time resting spent in this place.
 E = Time spent auto-exploring this place.
 F = Levels seen in this place.
 G = Mean time per level.
                   A        B        C        D        E       F      G
               +--------+--------+--------+--------+--------+-----+--------+
         Total |   1561 |   1554 |      7 |      0 |   1452 |   1 | 1561.0 |
       Dungeon |   1561 |   1554 |      7 |      0 |   1452 |   1 | 1561.0 |
               +--------+--------+--------+--------+--------+-----+--------+

Top non-repeatable levels by time:
     D:1: 1561 daAuts
